 Dungeon Crawl Stone Soup version 0.30-a0-218-gedb9141078 (webtiles) character file.

Game seed: 17193411409951912784

796 Zariche the Slasher (level 7, -2/63 HPs)
             Began as a Minotaur Berserker on Oct 5, 2022.
             Was a Priest of Trog.
             Killed from afar by an orc wizard (7 damage)
             ... with a magic dart
             ... on level 4 of the Dungeon.
             The game lasted 00:09:35 (3170 turns).

Zariche the Slasher (Minotaur Berserker)            Turns: 3170, Time: 00:09:36

Health: -2/63      AC:  8    Str: 21    XL:     7   Next: 58%
Magic:  6/6        EV: 13    Int:  4    God:    Trog [***...]
Gold:   111        SH:  0    Dex: 12    Spells: 6/6 levels left

rFire   . . .      SeeInvis .    a - +0 falchion
rCold   . . .      Faith    .    (no shield)
rNeg    . . .      Spirit   .    k - +5 leather armour of the Barber Surgeon {Will+}
rPois   .          Reflect  .    (helmet restricted)
rElec   .          Harm     .    (no cloak)
rCorr   .          Rampage  .    (no gloves)
Will    ++...                    (no boots)
Stlth   +.........               (no amulet)
HPRegen 0.30/turn                o - ring of willpower
MPRegen 0.10/turn                (no ring)

@: lethally poisoned (-2 -> -5)
A: horns 2, retaliatory headbutt
a: Renounce Religion, Berserk, Trog's Hand


You were on level 4 of the Dungeon.
You worshipped Trog.
Trog was most pleased with you.
You visited 1 branch of the dungeon, and saw 4 of its levels.

You collected 111 gold pieces.

Inventory:

Hand Weapons
 a - a +0 falchion (weapon)
 d - a +0 sling
Missiles
 l - 5 throwing nets (quivered)
Armour
 h - a +1 scale mail of willpower
 k - the +5 leather armour of the Barber Surgeon (worn) {Will+}
   (You found it on level 2 of the Dungeon)

   Will:      It increases your willpower.
Jewellery
 o - a ring of willpower (left hand)
Scrolls
 c - a scroll of summoning {unknown}
 e - 2 scrolls of teleportation {unknown}
 g - a scroll of enchant armour {unknown}
 i - a scroll of blinking {unknown}
 j - a scroll of fear {unknown}
 m - a scroll of enchant weapon {unknown}
 n - a scroll of poison {unknown}
Potions
 b - 2 potions of lignification {unknown}
 f - a potion of degeneration {unknown}
 p - a potion of mutation {unknown}
 q - a potion of flight {unknown}
 r - a potion of haste {unknown}


   Skills:
 + Level 6.0 Fighting
 + Level 7.6 Long Blades
 + Level 4.8 Armour
 + Level 4.2 Dodging
 + Level 0.9 Stealth


You had 6 spell levels left.
You didn't know any spells.
Your spell library contained the following spells:

 Spells                   Type           Power      Damage    Failure   Level
 Beastly Appendage        Tmut           0%         N/A       54%         1
 Necrotise                Necr           0%         1d4       54%         1
 Wereblood                Tmut           0%         N/A       69%         2
 Ignite Poison            Fire/Tmut/Pois 0%         N/A       89%         3
 Kindle Blastsparks       Fire/Tloc/Air  0%         2d10      89%         3
 Spider Form              Tmut/Pois      0%         N/A       89%         3
 Vampiric Draining        Necr           0%         2d6       89%         3
 Agony                    Necr           0%         N/A       100%        5
 Freezing Cloud           Conj/Ice/Air   0%         6-21      100%        5


Dungeon Overview and Level Annotations

Branches:
Dungeon (4/15)
 Temple: D:4-7

Altars:
Dithmenos

Shops:
D:1 *


Innate Abilities, Weirdness & Mutations

You have a pair of horns on your head.
You reflexively headbutt those who attack you in melee.


Message History

Trog accepts your kill.
You feel very sick. Something hits you but does no damage.
The orc priest invokes the aid of Beogh against you.
Beogh smites you!
You are too injured to fight recklessly!
You are too injured to fight recklessly!
You are too injured to fight recklessly!
You are too injured to fight recklessly!
You closely miss the orc. You headbutt the orc!
You kill the orc!
Trog accepts your kill.
You hear the slow hiss of a very distant avalanche of sand.
You feel very sick. Something hits you.
You closely miss something.
You feel very sick. Something hits you.
* * * LOW HITPOINT WARNING * * *
An endoplasm comes into view.
The endoplasm quivers.
You hit the orc priest.
The orc priest is moderately wounded.
You feel very sick.
The orc priest hits you but does no damage.
Something hits you but does no damage.
You completely miss the orc priest.
The orc priest is moderately wounded.
You feel sick. The orc priest closely misses you. Something hits you.
* * * LOW HITPOINT WARNING * * *
Something hits you but does no damage.
The orc priest attacks as you move away!
The orc priest completely misses you.
You feel sick.
You see here a +0 dagger.
* * * LOW HITPOINT WARNING * * *
You feel sick.
You feel sick.
A magic dart appears from out of thin air!
The magic dart hits you!
You die...

.......J#####.# #
#....o..†...#$##.#
.......).........#
...........o#.####.
.####...###ol...... #.
#...# #)####### #. #...#
#{# ####.
###...###.#######
.....##........@.......
.<......|.####.....####.
.....#....# ##...##
#.##.#....# ##.##
#....#....## #.#
#.##.#.....# #.#
#.......#...# ...
................8.
.....####...###...#


You could see an iguana, an orc priest and an orc.

Vanquished Creatures
  Grinder (D:3)
  Sigmund (D:2)
  An ogre (D:3)
  A scorpion (D:3)
  An orc priest (D:3)
  A hound (D:4)
  2 orc wizards (D:4)
  8 gnolls (D:3)
  5 adders
  2 dart slugs
  7 orcs
  10 ball pythons
  3 endoplasms
  A giant cockroach (D:4)
  2 goblins
  5 hobgoblins
  3 jackals (D:3)
  3 quokkas
  8 bats
  6 frilled lizards
  7 kobolds
  2 rats
80 creatures vanquished.

Notes
Turn   | Place    | Note
-------+----------+-------------------------------------------
     0 | D:1      | Zariche the Minotaur Berserker began the quest for the Orb.
     0 | D:1      | Reached XP level 1. HP: 19/19 MP: 0/0
    70 | D:1      | Reached XP level 2. HP: 27/27 MP: 1/1
   196 | D:1      | Reached skill level 4 in Long Blades
   444 | D:1      | Reached ** piety under Trog
   461 | D:1      | Found Ycvu's General Store.
   775 | D:2      | Reached XP level 3. HP: 34/34 MP: 2/2
  1076 | D:2      | Noticed Sigmund
  1087 | D:2      | Killed Sigmund
  1088 | D:2      | Reached skill level 5 in Fighting
  1088 | D:2      | Reached skill level 5 in Long Blades
  1088 | D:2      | Reached XP level 4. HP: 35/42 MP: 3/3
  1088 | D:2      | Reached XP level 5. HP: 40/48 MP: 4/4
  1284 | D:2      | Identified the +5 leather armour of the Barber Surgeon
                  | {Will+}
  1549 | D:3      | Noticed Grinder
  1550 | D:3      | Noticed an ogre
  1561 | D:3      | Killed Grinder
  1562 | D:3      | Reached skill level 6 in Long Blades
  1562 | D:3      | Reached XP level 6. HP: 25/56 MP: 5/5
  1858 | D:3      | Reached XP level 7. HP: 30/61 MP: 6/6
  2285 | D:3      | Reached skill level 7 in Long Blades
  2663 | D:3      | Reached *** piety under Trog
  3141 | D:4      | Found a shadowy altar of Dithmenos.
  3170 | D:4      | Killed from afar by an orc wizard

Illustrated notes

Levels and vault maps discovered:
D:1:      erik_arrival_cave_to_civilisation [erik_arrival_cave_to_hall],
          layout_basic, serial_shops, shop
D:2:      layout_loops_corners, serial_glass, glass_columns_b, glass_columns_b,
          minmay_strange_pillars, feat_on_display, kennysheep_nub, uniq_sigmund
D:3:      layout_loops_ring, chequers_jeans, hangedman_decor_opposing,
          uniq_grinder
D:4:      cheibrodos_barr_body, layout_loops_cross, nicolae_gozag_seed_capital,
          mainiacjoe_overflow_brackets, nicolae_overflow_hidden_temple,
          enter_ossuary_2, uniq_robin

Skill      XL: |  1  2  3  4  5  6  7 |
---------------+----------------------+-----
Long Blades    | 4 5 6 7 |  7.6
Fighting       | 4 5 6 |  6.0
Armour         | 3 4 |  4.8
Dodging        | 3 4 |  4.2
Stealth        | |  0.9

Action                   |  1- 3 |  4- 6 |  7- 9 || total
-------------------------+-------+-------+-------++-------
Melee: Falchion          |    77 |    26 |    86 ||   189
       Headbutt          |    13 |     7 |    21 ||    41
  Use: Scroll            |     1 |       |       ||     1
       Potion            |       |     1 |       ||     1
Armor: Animal skin       |    10 |       |       ||    10
       Ring mail         |    25 |       |       ||    25
       Scale mail        |     3 |     2 |       ||     5
       Leather armour    |       |    18 |    42 ||    60
Dodge: Dodged            |    58 |    33 |    62 ||   153

Table legend: (Time is in decaauts)
 A = Elapsed time spent in this place.
 B = Non-inter-level travel time spent in this place.
 C = Inter-level travel time spent in this place.
 D = Time resting spent in this place.
 E = Time spent auto-exploring this place.
 F = Levels seen in this place.
 G = Mean time per level.
                   A        B        C        D        E       F      G
               +--------+--------+--------+--------+--------+-----+--------+
         Total |   3172 |   3069 |    103 |    582 |   2026 |   4 |  793.0 |
       Dungeon |   3172 |   3069 |    103 |    582 |   2026 |   4 |  793.0 |
               +--------+--------+--------+--------+--------+-----+--------+

Top non-repeatable levels by time:
     D:3: 1227 daAuts
     D:2: 1157 daAuts
     D:1: 682 daAuts
     D:4: 105 daAuts
